[Event "Titled Tuesday Blitz June 20 Early 2023"]
[White "Manukian, Artak"]
[Black "Florescu, Codrut-Constantin"]
[WhiteFideId "13301373"]
[BlackFideId "1202200"]
[WhiteElo "2130"]
[BlackElo "2191"]
[Result "0-1"]
[Round "11"]
[TimeControl "180+2"]
[Date "2023.06.20"]
[WhiteClock "0:00:13"]
[BlackClock "0:00:23"]
[Board "77"]

1. e4 c5 2. Nf3 e6 3. c3 Nf6 4. e5 Nd5 5. d4 cxd4 6. cxd4 d6 7. Nc3 Nxc3 8. bxc3 Qc7 9. Bd2 Nd7 10. Bb5 Be7 11. O-O O-O 12. Re1 dxe5 13. Bxd7 Bxd7 14. Nxe5 Rac8 15. Qh5 g6 16. Qh6 Bf6 17. Re3 Bg7 18. Qh4 Qd8 19. Qf4 Bc6 20. Rh3 Bd5 21. Ng4 f5 22. Ne5 b5 23. a3 a6 24. Re1 Qe7 25. Nd3 Rc7 26. Nc5 Rxc5 27. dxc5 Qxc5 28. Rhe3 Bc4 29. h4 Qxa3 30. h5 Rd8 31. Bc1 Qd6 32. Qg5 gxh5 33. Rg3 Rd7 34. Bf4 Qe7 35. Qxh5 Qf7 36. Qxf7+ Kxf7 37. Be5 Bxe5 38. Rxe5 a5 39. Re1 a4 40. Ra1 Rd2 41. Re3 Kf6 42. g3 e5 43. Ree1 e4 44. Red1 Rxd1+ 45. Rxd1 a3 46. Ra1 a2 47. Kg2 Ke5 48. f3 e3 49. Kg1 f4 50. Kg2 Kf5 51. g4+ Kg5 52. Kh2 h5 53. gxh5 Kxh5 54. Kg2 Kg5 55. Kh2 Kf5 56. Kg2 Ke5 57. Kh2 Kd5 58. Kh3 Kc5 59. Kg4 e2 60. Kxf4 Bd3 61. Ke3 e1=Q+ 62. Rxe1 Bb1 0-1


[Site "https://www.chess.com"]

[Event "Titled Tuesday Blitz June 20 Early 2023"]
[White "Budrewicz, Krzysztof"]
[Black "Khamdamova, Afruza"]
[WhiteFideId "1127950"]
[BlackFideId "14210444"]
[WhiteElo "2230"]
[BlackElo "2312"]
[Result "1/2-1/2"]
[Round "11"]
[TimeControl "180+2"]
[Date "2023.06.20"]
[WhiteClock "0:00:21"]
[BlackClock "0:00:04"]
[Board "78"]

1. d4 Nf6 2. c4 e6 3. a3 d5 4. Nc3 Be7 5. Nf3 O-O 6. Bg5 b6 7. e3 Bb7 8. cxd5 Nxd5 9. Bxe7 Qxe7 10. Rc1 c5 11. Nxd5 Bxd5 12. dxc5 bxc5 13. Be2 Nd7 14. O-O Rab8 15. Qc2 Rfc8 16. Rfd1 Nf6 17. Nd2 Qb7 18. Bf1 Qxb2 19. Qa4 Qb7 20. Rc3 Qd7 21. Qxd7 Nxd7 22. e4 Bc6 23. Rdc1 Rb2 24. Nc4 Ra2 25. f3 Rb8 26. Na5 Ba4 27. Bc4 Rd2 28. Bf1 h6 29. Nc4 Ra2 30. Rd3 Rb3 31. Rd6 Nb6 32. Ne5 Raxa3 33. Rd8+ Kh7 34. Nxf7 Bb5 35. Rh8+ Kg6 36. Ne5+ Kf6 37. Ng4+ Ke7 38. Rh7 Bxf1 39. Kxf1 Kf7 40. Rxc5 Kg8 41. Nf6+ gxf6 42. Rcc7 Rc3 43. Rcg7+ Kf8 44. Rf7+ Ke8 45. Rfg7 Rc1+ 46. Kf2 Ra2+ 47. Kg3 Kf8 48. Rb7 Kg8 49. Rhg7+ Kh8 50. Rge7 Rc8 51. Rxe6 Rg8+ 52. Kf4 Raxg2 53. Rxf6 R2g6 54. Rxg6 Rxg6 55. Rxa7 Nc4 56. h4 Rf6+ 57. Kg3 h5 58. f4 Rg6+ 59. Kf3 Rg4 60. e5 Nd2+ 61. Ke3 Nf1+ 62. Ke4 Ng3+ 63. Kf3 Nf5 64. Rf7 Nh6 65. Rf6 Kg7 66. Ra6 Rxh4 67. e6 Kf6 68. e7+ Kxe7 69. Rxh6 Rh1 70. Ke4 Kf7 71. Kf5 Kg7 72. Ra6 h4 73. Ra7+ Kg8 74. Kg6 Rg1+ 75. Kf6 h3 76. Ra8+ Kh7 77. Ra3 Rh1 78. Kf7 Kh6 79. Rg3 Kh5 80. f5 Kh4 81. Rg8 Rf1 82. f6 h2 83. Rh8+ Kg3 84. Kg7 h1=Q 85. Rxh1 Rxh1 86. f7 Rf1 87. f8=Q Rxf8 88. Kxf8 1/2-1/2


[Site "https://www.chess.com"]

[Event "Titled Tuesday Blitz June 20 Early 2023"]
[White "Begunov, Konstantin"]
[Black "Zavgorodniy, Sergiy"]
[WhiteFideId "4118510"]
[BlackFideId "14110148"]
[WhiteElo "1993"]
[BlackElo "2402"]
[Result "0-1"]
[Round "11"]
[TimeControl "180+2"]
[Date "2023.06.20"]
[WhiteClock "0:00:07"]
[BlackClock "0:00:52"]
[Board "79"]

1. d4 d5 2. c4 dxc4 3. Nf3 Nf6 4. e3 e6 5. Bxc4 a6 6. O-O b5 7. Bb3 Bb7 8. Qe2 Nbd7 9. Rd1 c5 10. Nc3 Be7 11. d5 exd5 12. Nxd5 Nxd5 13. Bxd5 Bxd5 14. Rxd5 Qc7 15. e4 O-O 16. Bg5 Nb6 17. Rd3 c4 18. Rdd1 Bxg5 19. Nxg5 Rfe8 20. Qg4 Rad8 21. Qf5 g6 22. Qf6 Rxd1+ 23. Rxd1 Na4 24. h4 h6 25. Nf3 Nc5 26. e5 h5 27. Rd5 Ne6 28. Ng5 Nxg5 29. hxg5 b4 30. Qd6 Rc8 31. Qxc7 Rxc7 32. Kf1 c3 33. bxc3 bxc3 34. Rd1 Kf8 35. Ke2 Ke7 36. Kd3 Ke6 37. f4 Kf5 38. g3 h4 39. gxh4 Rd7+ 40. Kc2 Rxd1 41. Kxd1 Kxf4 42. h5 Kxg5 43. hxg6 fxg6 44. Kc2 Kf5 45. Kxc3 Kxe5 46. Kd3 Kd5 47. Ke3 Kc4 48. Kf4 a5 49. Kg5 a4 50. Kxg6 Kc3 51. Kf5 Kb2 52. Ke4 Kxa2 53. Kd3 Kb2 0-1


[Site "https://www.chess.com"]

[Event "Titled Tuesday Blitz June 20 Early 2023"]
[White "Pinheiro, Iung Alicio de O."]
[Black "Sai Han Thiha"]
[WhiteFideId "2104350"]
[BlackFideId "13012290"]
[WhiteElo "2283"]
[BlackElo "1953"]
[Result "1-0"]
[Round "11"]
[TimeControl "180+2"]
[Date "2023.06.20"]
[WhiteClock "0:00:10"]
[BlackClock "0:00:01"]
[Board "80"]

1. d4 Nf6 2. c4 g6 3. Nc3 Bg7 4. e4 d6 5. h3 O-O 6. Be3 c5 7. Nf3 cxd4 8. Nxd4 Nc6 9. Be2 Nxd4 10. Bxd4 Be6 11. Rc1 Qa5 12. O-O Rfc8 13. b3 Nd7 14. Bxg7 Kxg7 15. f4 f6 16. Bg4 Nf8 17. Bxe6 Nxe6 18. Nd5 Nf8 19. f5 Re8 20. b4 Qxa2 21. Nc7 Qb2 22. Nxa8 Rxa8 23. b5 a5 24. Qd5 Rb8 25. Ra1 b6 26. Rab1 Qc3 27. fxg6 hxg6 28. Rf3 Qc2 29. Rbf1 a4 30. h4 Rc8 31. Qb7 Re8 32. Qc6 Kf7 33. h5 gxh5 34. Qd5+ e6 35. Rxf6+ Ke7 36. Qb7+ Kd8 37. Rxf8 1-0


[Site "https://www.chess.com"]

[Event "Titled Tuesday Blitz June 20 Early 2023"]
[White "Gomez Barrera, Javiera Belen"]
[Black "Mendez Fortes, Eduardo Jesus"]
[WhiteFideId "3418723"]
[BlackFideId "3502376"]
[WhiteElo "2119"]
[BlackElo "2307"]
[Result "1-0"]
[Round "11"]
[TimeControl "180+2"]
[Date "2023.06.20"]
[WhiteClock "0:00:23"]
[BlackClock "0:00:15"]
[Board "81"]

1. e4 c5 2. Nf3 d6 3. d4 cxd4 4. Nxd4 Nf6 5. Nc3 a6 6. Be3 e5 7. Nb3 Be6 8. f3 Be7 9. g4 O-O 10. Qd2 Nbd7 11. g5 Nh5 12. O-O-O b5 13. h4 Ng3 14. Rg1 Nxf1 15. Rgxf1 Nb6 16. Bxb6 Qxb6 17. Nd5 Bxd5 18. Qxd5 a5 19. Kb1 b4 20. Nc1 Rfc8 21. Rd2 Rc5 22. Qd3 a4 23. Qe2 g6 24. Rfd1 Bf8 25. Rd5 Rac8 26. Rxc5 Qxc5 27. Nd3 Qb6 28. Nf2 b3 29. cxb3 axb3 30. a3 d5 31. exd5 Qc7 32. Re1 Bc5 33. Rc1 Qd8 34. Qc4 Rc7 35. Ne4 Bb6 36. Qxb3 Rxc1+ 37. Kxc1 Bd4 38. Kb1 Kg7 39. Qb7 h6 40. Ka2 hxg5 41. hxg5 Qa5 42. Qc6 Qe1 43. Qf6+ Kg8 44. Nd6 Qd2 45. Qxf7+ Kh8 46. Qf8+ Kh7 47. Qh6+ Kg8 48. Qxg6+ Kf8 49. Qf7# 1-0


[Site "https://www.chess.com"]

[Event "Titled Tuesday Blitz June 20 Early 2023"]
[White "Itkis, Boris"]
[Black "Pastar, Slaven"]
[WhiteFideId "1209167"]
[BlackFideId "14402718"]
[WhiteElo "2219"]
[BlackElo "2219"]
[Result "1/2-1/2"]
[Round "11"]
[TimeControl "180+2"]
[Date "2023.06.20"]
[WhiteClock "0:00:08"]
[BlackClock "0:00:07"]
[Board "82"]

1. c4 b6 2. Nf3 Bb7 3. g3 Nf6 4. Bg2 g6 5. O-O Bg7 6. b3 Ne4 7. d4 c5 8. Bb2 Nc6 9. e3 O-O 10. Nbd2 Nxd2 11. Qxd2 cxd4 12. Nxd4 Rc8 13. Rfd1 d6 14. a4 a6 15. a5 Nxa5 16. Bxb7 Nxb7 17. Rxa6 Nc5 18. Ra7 e5 19. Nb5 Nxb3 20. Qb4 Na5 21. Rxd6 Rxc4 22. Qd2 Qc8 23. Rxb6 Rc2 24. Qxa5 Rxb2 25. Nd6 Qc1+ 26. Kg2 Re2 27. Rxf7 Rxf7 28. Rb8+ Bf8 29. Nxf7 Qxe3 30. Nh6+ Kg7 31. Ng4 Qe4+ 32. Kh3 Qf5 33. Qc7+ Kg8 34. Qc4+ Qf7 35. Qxe2 h5 36. Nxe5 Qf6 37. Qa2+ Kg7 38. Qa7+ Kh6 39. Qf7 Qxe5 40. Qf4+ Qxf4 41. gxf4 Bd6 42. Rb6 Bxf4 43. f3 Kg5 44. Rc6 Kh6 45. Kg2 Kg5 46. h3 Kh6 47. Kf2 Kg5 48. Ke2 Kh4 49. Rxg6 Kxh3 50. Kd3 h4 51. Ke4 Bg3 52. f4 Kg2 53. f5 h3 54. f6 h2 55. Rh6 h1=Q 56. Rxh1 Kxh1 57. f7 Bd6 58. Kd5 Bf8 59. Ke6 1/2-1/2


[Site "https://www.chess.com"]

[Event "Titled Tuesday Blitz June 20 Early 2023"]
[White "Hajiyev, Kanan"]
[Black "Herzog2012"]
[WhiteFideId "13404148"]
[WhiteElo "2115"]
[BlackElo "2435"]
[Result "1-0"]
[Round "11"]
[TimeControl "180+2"]
[Date "2023.06.20"]
[WhiteClock "0:00:09"]
[BlackClock "0:00:01"]
[Board "83"]

1. d4 Nf6 2. g3 e6 3. Bg2 Be7 4. e4 d5 5. e5 Nfd7 6. f4 c5 7. c3 Nc6 8. Nf3 b6 9. O-O h5 10. Ng5 cxd4 11. cxd4 Nxd4 12. Kh1 Nf5 13. Nc3 Ba6 14. Rf3 Nxe5 15. fxe5 Bxg5 16. Qa4+ Kf8 17. Qxa6 h4 18. g4 Nd4 19. Bxg5 Qxg5 20. Qb7 Kg8 21. Qxf7+ Kh7 22. Qf4 Nxf3 23. Qxf3 Qxe5 24. Qd3+ g6 25. Rd1 Rhf8 26. h3 Rf4 27. Qe2 Qxe2 28. Nxe2 Rf2 29. Re1 Re8 30. a3 Kg7 31. b3 g5 32. Nd4 Kf6 33. Nb5 a6 34. Nc7 Re7 35. Nxa6 Ra2 36. a4 d4 37. Nb4 Rb2 38. Nc6 Rd7 39. b4 Rd6 40. b5 d3 41. Rd1 d2 42. Kg1 Rc2 43. Kf2 Rc1 44. Ke2 Rc4 45. Bf3 Rxa4 46. Nb8 Rb4 47. Bc6 Rbd4 48. Nd7+ Ke7 49. Ne5 Kf6 50. Nf3 Rd3 51. Rxd2 Rxd2+ 52. Nxd2 Ke5 53. Nc4+ Kf4 54. Nxd6 Kg3 55. Ne4+ Kxh3 56. Kf3 Kh2 57. Nxg5 1-0


[Site "https://www.chess.com"]

[Event "Titled Tuesday Blitz June 20 Early 2023"]
[White "Ai, Evan"]
[Black "Aldokhin, Ivan"]
[WhiteFideId "2094770"]
[BlackFideId "24115720"]
[WhiteElo "1963"]
[BlackElo "2322"]
[Result "0-1"]
[Round "11"]
[TimeControl "180+2"]
[Date "2023.06.20"]
[WhiteClock "0:02:38"]
[BlackClock "0:03:07"]
[Board "84"]

1. e4 c5 2. Nf3 e6 3. d4 cxd4 4. Nxd4 a6 5. Bd3 Qc7 6. Qe2 Nf6 7. c4 d6 8. Nc3 Nbd7 9. O-O Be7 10. Be3 O-O 11. f4 b6 12. b4 Bb7 13. Rac1 Rac8 14. Kh1 Qb8 15. a4 Qa8 16. Bg1 Rfe8 17. e5 dxe5 18. fxe5 Nxe5 19. Qxe5 Bxg2# 0-1


[Site "https://www.chess.com"]

[Event "Titled Tuesday Blitz June 20 Early 2023"]
[White "i_like_explosions"]
[Black "Moksh Amit Doshi"]
[BlackFideId "25064967"]
[WhiteElo "2413"]
[BlackElo "2297"]
[Result "1/2-1/2"]
[Round "11"]
[TimeControl "180+2"]
[Date "2023.06.20"]
[WhiteClock "0:00:55"]
[BlackClock "0:01:15"]
[Board "85"]

1. d4 d5 2. c4 dxc4 3. e3 Nf6 4. Bxc4 e6 5. Nc3 c5 6. Nf3 a6 7. O-O b5 8. Be2 Bb7 9. dxc5 Qxd1 10. Rxd1 Bxc5 11. a3 Nbd7 12. b4 Ba7 13. Bb2 Rc8 14. Rac1 Ke7 15. Kf1 Nb6 16. Ke1 Nc4 17. Bxc4 Rxc4 18. Ke2 Rhc8 19. g3 Ng4 20. h3 Bxf3+ 21. Kxf3 Ne5+ 22. Ke2 R4c6 23. Ne4 Rc2+ 24. Rxc2 Rxc2+ 25. Rd2 Rxd2+ 26. Kxd2 Nc4+ 27. Kc3 Bb8 28. Bc1 Be5+ 29. Kd3 Bd6 30. f4 f5 31. Ng5 h6 32. Nf3 Bc7 33. e4 Bb6 34. g4 fxg4 35. hxg4 g6 36. Nh4 Kf6 37. e5+ Kf7 38. a4 g5 39. Nf3 gxf4 40. axb5 axb5 41. Bxf4 Kg6 42. Nd4 Bxd4 43. Kxd4 h5 44. gxh5+ Kxh5 45. Kc5 Kg4 46. Kxb5 Na3+ 47. Ka4 Kxf4 48. Kxa3 Kxe5 49. Kb3 Kd4 50. Kc2 Kc4 51. Kd2 Kxb4 52. Ke3 Kc5 53. Ke4 Kd6 54. Kd4 Kd7 55. Ke5 Ke7 56. Ke4 Kf6 57. Kf4 e5+ 58. Ke4 Ke6 59. Ke3 Kf5 60. Kf3 e4+ 61. Ke3 Ke5 62. Ke2 Kf4 63. Kf2 Kg4 64. Ke3 Kf5 65. Ke2 Ke5 66. Ke3 Kd5 67. Ke2 Kc4 68. Ke3 Kd5 69. Ke2 Kd4 70. Kd2 e3+ 71. Ke2 Ke4 72. Ke1 Kd3 73. Kd1 Kd4 74. Ke2 Ke4 75. Ke1 Kf3 76. Kf1 e2+ 77. Ke1 Ke3 1/2-1/2


[Site "https://www.chess.com"]

[Event "Titled Tuesday Blitz June 20 Early 2023"]
[White "Belov, Alexei"]
[Black "Topalov, Aleksandar"]
[WhiteFideId "4128206"]
[BlackFideId "925659"]
[WhiteElo "2557"]
[BlackElo "2151"]
[Result "1-0"]
[Round "11"]
[TimeControl "180+2"]
[Date "2023.06.20"]
[WhiteClock "0:00:29"]
[BlackClock "0:00:26"]
[Board "86"]

1. e4 e6 2. d4 d5 3. Nd2 Nf6 4. e5 Ng8 5. Bd3 Ne7 6. Ne2 Qd7 7. O-O b6 8. c3 Ba6 9. Bxa6 Nxa6 10. Nf3 c5 11. a4 Nb8 12. a5 bxa5 13. dxc5 Nbc6 14. Ned4 Rb8 15. Qd3 Ng6 16. Nxc6 Qxc6 17. Rxa5 Bxc5 18. h4 h6 19. h5 Ne7 20. Ra6 Qc7 21. g4 O-O 22. Kg2 Rb6 23. Rxb6 Bxb6 24. Rh1 Nc6 25. Qe2 f6 26. exf6 Rxf6 27. g5 hxg5 28. Bxg5 Rxf3 29. Qxf3 Qe5 30. Qf4 Qe2 31. h6 Bc5 32. hxg7 1-0


[Site "https://www.chess.com"]

[Event "Titled Tuesday Blitz June 20 Early 2023"]
[White "Slavin, Alexey"]
[Black "Krutko, Anatoly"]
[WhiteFideId "24104388"]
[BlackFideId "4185862"]
[WhiteElo "2264"]
[BlackElo "2378"]
[Result "0-1"]
[Round "11"]
[TimeControl "180+2"]
[Date "2023.06.20"]
[WhiteClock "0:00:00"]
[BlackClock "0:00:22"]
[Board "87"]

1. e4 g6 2. Nc3 Bg7 3. d4 a6 4. Nf3 b5 5. a3 Bb7 6. Be3 d6 7. Qd2 Nd7 8. h3 c5 9. g4 h5 10. g5 e6 11. Bg2 c4 12. Nh4 Ne7 13. f4 d5 14. f5 exf5 15. exf5 Nxf5 16. Nxf5 gxf5 17. O-O O-O 18. Rxf5 Qe7 19. Bxd5 Bxd5 20. Nxd5 Qe4 21. Raf1 Rae8 22. R1f4 Qe6 23. c3 Nb6 24. Nxb6 Qxb6 25. Qf2 Qe6 26. Bd2 Re7 27. Qf3 a5 28. Qxh5 b4 29. axb4 axb4 30. Qf3 b3 31. Kg2 Rfe8 32. h4 Qg6 33. h5 Re2+ 34. Kg3 Qd6 35. Rxf7 Rxd2 36. h6 Bxh6 37. gxh6 Rd3 38. Rg7+ Kh8 39. Kg4 Rxf3 40. Rxf3 Qxh6 41. Rg5 Rg8 42. Rf5 Qe6 43. Kf4 Rxg5 44. Rxg5 Qe2 45. Rc5 Qxb2 46. Rxc4 Qc1+ 47. Ke5 b2 48. Rb4 Qxc3 0-1


[Site "https://www.chess.com"]

[Event "Titled Tuesday Blitz June 20 Early 2023"]
[White "Omariev, Maksim"]
[Black "Berezin, Viktor"]
[WhiteFideId "4193423"]
[BlackFideId "14107872"]
[WhiteElo "2392"]
[BlackElo "2310"]
[Result "1-0"]
[Round "11"]
[TimeControl "180+2"]
[Date "2023.06.20"]
[WhiteClock "0:00:03"]
[BlackClock "0:00:09"]
[Board "88"]

1. g4 g6 2. Bg2 Bg7 3. d4 d6 4. h3 Nc6 5. c3 e5 6. Nf3 h6 7. e4 Nf6 8. d5 Ne7 9. Qe2 c5 10. c4 a6 11. Nc3 Bd7 12. Be3 b5 13. Nd2 b4 14. Nd1 Nh7 15. b3 Qc8 16. Nb2 Ng5 17. h4 Nh7 18. g5 h5 19. Nd3 a5 20. O-O f6 21. Rae1 Bg4 22. f3 Bh3 23. f4 Bg4 24. Qf2 Rf8 25. Qg3 exf4 26. Bxf4 fxg5 27. hxg5 Bd4+ 28. Kh2 h4 29. Qxh4 Rh8 30. Kg3 Bd7 31. Rh1 Nf8 32. Qxh8 Bxh8 33. Rxh8 Qc7 34. e5 Nf5+ 35. Kf2 O-O-O 36. exd6 Qb6 37. Re7 Nxd6 38. Rg7 Nf5 39. Rgg8 a4 40. Rxf8 axb3 41. Rxd8+ Qxd8 42. Rxd8+ Kxd8 43. axb3 Nd4 44. Nxc5 1-0


[Site "https://www.chess.com"]

[Event "Titled Tuesday Blitz June 20 Early 2023"]
[White "Novikova, Galina"]
[Black "Tokhirjonova, Gulrukhbegim"]
[WhiteFideId "4157095"]
[BlackFideId "14203626"]
[WhiteElo "1953"]
[BlackElo "2265"]
[Result "1-0"]
[Round "11"]
[TimeControl "180+2"]
[Date "2023.06.20"]
[WhiteClock "0:01:00"]
[BlackClock "0:00:23"]
[Board "89"]

1. e4 e5 2. Nf3 Nc6 3. d4 exd4 4. Nxd4 Qf6 5. Nb3 a5 6. a4 Bb4+ 7. c3 Bd6 8. Be2 Nge7 9. Be3 Ng6 10. N1d2 O-O 11. g3 Re8 12. Qc2 Qe7 13. f4 f5 14. e5 Ncxe5 15. fxe5 Qxe5 16. Bc4+ Kh8 17. O-O-O b5 18. Bd4 bxc4 19. Bxe5 cxb3 20. Bxg7+ Kxg7 21. Nxb3 Bb7 22. Rhe1 Be4 23. Qd2 Rab8 24. Nd4 Be5 25. g4 Bf4 26. Re3 c5 27. Nb5 Bc6 28. Rde1 Rxe3 29. Rxe3 Ne5 30. Qd6 Bxe3+ 31. Kb1 Re8 32. Nc7 Be4+ 33. Ka2 Rf8 34. Qxe5+ Kg8 35. gxf5 d5 36. Ne6 Rf7 37. Qb8+ 1-0


[Site "https://www.chess.com"]

[Event "Titled Tuesday Blitz June 20 Early 2023"]
[White "Pavlidou, Ekaterini"]
[Black "Shuvalov, Evgenij"]
[WhiteFideId "4213262"]
[BlackFideId "4187237"]
[WhiteElo "2126"]
[BlackElo "2080"]
[Result "1-0"]
[Round "11"]
[TimeControl "180+2"]
[Date "2023.06.20"]
[WhiteClock "0:00:14"]
[BlackClock "0:00:00"]
[Board "90"]

1. d4 Nf6 2. c4 g6 3. Nc3 d5 4. Nf3 Bg7 5. Bg5 Ne4 6. h4 Nxc3 7. bxc3 dxc4 8. h5 h6 9. Bd2 g5 10. e4 c5 11. Bxc4 O-O 12. Bxg5 cxd4 13. Qc1 hxg5 14. h6 Bf6 15. e5 Qa5 16. exf6 exf6 17. Nxd4 Nc6 18. Nxc6 bxc6 19. O-O Bf5 20. Qe3 Rae8 21. Qd4 Qe5 22. f4 Qxd4+ 23. cxd4 g4 24. Rac1 Kh7 25. Bb3 Be4 26. Bc2 f5 27. Bxe4 Rxe4 28. Rxc6 Rxd4 29. Rf6 Rd5 30. Rb1 Ra5 31. Rb2 g3 32. Kf1 Re8 33. Rxf7+ Kxh6 34. Rbb7 Rxa2 35. Rh7+ Kg6 36. Rbg7+ Kf6 37. Rxg3 Rb8 38. Rh6+ Kf7 39. Rh7+ Kf6 40. Rh6+ Kf7 41. Kg1 Rg8 42. Rxg8 Kxg8 43. Rf6 Ra5 44. Kf2 Kg7 45. Rc6 Ra2+ 46. Kg3 a5 47. Kh3 a4 48. Ra6 a3 49. g3 Kf7 50. Kh4 Rh2+ 51. Kg5 a2 52. Kxf5 Ke7 53. g4 Kd7 54. g5 Kc7 55. Ra3 Kb6 56. g6 Rg2 57. Kf6 Kc5 58. f5 Kb4 59. Rxa2 Rxa2 60. g7 Rg2 61. Kf7 Kc5 62. f6 Kd6 63. Kf8 Ke6 64. f7 Ra2 65. Kg8 1-0


[Site "https://www.chess.com"]

[Event "Titled Tuesday Blitz June 20 Early 2023"]
[White "Mazurkiewicz, Michal"]
[Black "Goffredo_Fofi"]
[WhiteFideId "1124943"]
[WhiteElo "2063"]
[BlackElo "2511"]
[Result "1/2-1/2"]
[Round "11"]
[TimeControl "180+2"]
[Date "2023.06.20"]
[WhiteClock "0:00:02"]
[BlackClock "0:00:06"]
[Board "91"]

1. e4 Nf6 2. d3 d5 3. Nd2 c5 4. Ngf3 Nc6 5. g3 e5 6. Bg2 Be7 7. O-O O-O 8. exd5 Nxd5 9. Nc4 f6 10. c3 Kh8 11. Qb3 Nb6 12. Nxb6 axb6 13. Be3 Bf5 14. Rfd1 Na5 15. Qa4 Qc8 16. d4 Nc6 17. Qb5 Ra5 18. Qxb6 Bc2 19. Rdc1 Bd8 20. Qxa5 Bxa5 21. Rxc2 cxd4 22. cxd4 Qd7 23. dxe5 fxe5 24. a3 Nd4 25. Nxd4 exd4 26. Rd1 Bb6 27. Rcd2 Qf5 28. Bxd4 Bxd4 29. Rxd4 Qxf2+ 30. Kh1 Qxb2 31. Rd8 Qxa3 32. Bxb7 g6 33. Bg2 Rxd8 34. Rxd8+ Kg7 35. Rd1 Kf6 36. Rf1+ Kg5 37. Rf3 Qc1+ 38. Rf1 Qe3 39. Rf3 Qe2 40. h4+ Kh6 41. Kh2 Kg7 42. g4 h6 43. g5 Qe5+ 44. Rg3 hxg5 45. hxg5 Qf4 46. Bh3 Kf7 47. Bg2 Ke7 48. Bh3 Kd6 49. Bg2 Ke5 50. Bh3 Kd4 51. Kg2 Qd2+ 52. Kf3 Qd1+ 53. Kg2 Qe2+ 54. Kh1 Qe1+ 55. Kh2 Qf2+ 56. Rg2 Qf4+ 57. Kh1 Qh4 58. Rg4+ Qxg4 59. Bxg4 Ke5 60. Bd1 Kf4 61. Bc2 Kxg5 62. Bxg6 1/2-1/2


[Site "https://www.chess.com"]

[Event "Titled Tuesday Blitz June 20 Early 2023"]
[White "Ovezdurdyyeva, Jemal"]
[Black "Czerw, Dawid"]
[WhiteFideId "14001888"]
[BlackFideId "1145746"]
[WhiteElo "2069"]
[BlackElo "2144"]
[Result "0-1"]
[Round "11"]
[TimeControl "180+2"]
[Date "2023.06.20"]
[WhiteClock "0:00:00"]
[BlackClock "0:00:02"]
[Board "92"]

1. e4 c5 2. Nf3 Nc6 3. c3 e6 4. Bd3 d5 5. O-O dxe4 6. Bxe4 Qc7 7. d4 cxd4 8. cxd4 Nf6 9. Bc2 Be7 10. Nc3 O-O 11. Qe2 b6 12. Bg5 Bb7 13. Rac1 Rad8 14. Rfd1 Qb8 15. Bb1 Nb4 16. Ne5 Qa8 17. f3 Nc6 18. Nxc6 Bxc6 19. Qc2 g6 20. Ne4 Bxe4 21. fxe4 Rd7 22. Qe2 Rfd8 23. Qf3 Ne8 24. Bxe7 Rxe7 25. d5 exd5 26. exd5 Nd6 27. Rc6 Qb7 28. a3 Qd7 29. Qg3 Nb7 30. Bc2 Na5 31. Rf6 Re2 32. Bd3 Rxb2 33. Rdf1 Rf8 34. d6 Rb3 35. R1f3 Qc6 36. h4 Qc1+ 37. Kh2 Rxa3 38. Bxg6 Ra1 39. Bd3+ Kh8 40. Qe5 Qh1+ 41. Kg3 Qe1+ 42. Qxe1 Rxe1 43. Rh6 Rg8+ 44. Kh2 Rg7 45. d7 Nc6 46. Bb5 Nd8 47. Rc3 Rg8 0-1


[Site "https://www.chess.com"]

[Event "Titled Tuesday Blitz June 20 Early 2023"]
[White "Liu, Casper"]
[Black "Sovetbekova, Nurai"]
[WhiteFideId "1454153"]
[BlackFideId "13801910"]
[WhiteElo "2221"]
[BlackElo "1857"]
[Result "1-0"]
[Round "11"]
[TimeControl "180+2"]
[Date "2023.06.20"]
[WhiteClock "0:01:53"]
[BlackClock "0:00:13"]
[Board "93"]

1. Nc3 d5 2. e4 d4 3. Nce2 c5 4. Nf3 Nc6 5. c3 e5 6. Ng3 Nf6 7. Bb5 Bd6 8. O-O O-O 9. d3 a6 10. Bxc6 bxc6 11. Nd2 a5 12. Nc4 Bc7 13. f4 exf4 14. Bxf4 Ba6 15. Ne5 Qe8 16. Nc4 Bxf4 17. Rxf4 Bxc4 18. dxc4 dxc3 19. bxc3 Qe5 20. Qf3 Rad8 21. Nf5 Rfe8 22. Rf1 Nxe4 23. Nxg7 Ng5 24. Qg3 Qxg7 25. Rg4 h6 26. h4 Re4 27. hxg5 Rxg4 28. Qxg4 hxg5 29. Rf5 f6 30. Rxc5 Qe7 31. Rxc6 Qe1+ 32. Kh2 Qe5+ 33. Qg3 Qf5 34. Qe1 Qh7+ 35. Kg1 Qd3 36. Qe6+ Kh7 37. Qf7+ Kh8 38. Qxf6+ Kg8 39. Qg6+ Kf8 40. Rf6+ Ke7 41. Qf7# 1-0


[Site "https://www.chess.com"]

[Event "Titled Tuesday Blitz June 20 Early 2023"]
[White "Heinemann, Josefine"]
[Black "Fudalej, Michal"]
[WhiteFideId "12900460"]
[BlackFideId "1118781"]
[WhiteElo "2342"]
[BlackElo "2088"]
[Result "1-0"]
[Round "11"]
[TimeControl "180+2"]
[Date "2023.06.20"]
[WhiteClock "0:02:22"]
[BlackClock "0:01:42"]
[Board "94"]

1. d4 Nf6 2. c4 g6 3. Nc3 Bg7 4. e4 d6 5. Nf3 O-O 6. Be2 e5 7. Be3 Nc6 8. dxe5 dxe5 9. Qxd8 Rxd8 10. Nd5 Nxd5 11. cxd5 Nd4 12. Bxd4 exd4 13. O-O-O c5 14. dxc6 bxc6 15. Bc4 Be6 16. Bxe6 fxe6 17. Nd2 d3 18. Nc4 Rd4 19. b3 Rxe4 20. Rxd3 Re3 21. Rxe3 1-0


[Site "https://www.chess.com"]

[Event "Titled Tuesday Blitz June 20 Early 2023"]
[White "Brueckner, Thomas"]
[Black "Gubajdullin, Alexei"]
[WhiteFideId "4600452"]
[BlackFideId "4141202"]
[WhiteElo "2319"]
[BlackElo "2279"]
[Result "0-1"]
[Round "11"]
[TimeControl "180+2"]
[Date "2023.06.20"]
[WhiteClock "0:00:30"]
[BlackClock "0:01:55"]
[Board "95"]

1. d4 Nf6 2. c4 g6 3. Nc3 Bg7 4. e4 d6 5. Be2 O-O 6. Nf3 Na6 7. O-O e5 8. Be3 c6 9. Qc2 Ng4 10. Bg5 f6 11. Bd2 exd4 12. Nxd4 f5 13. exf5 Bxd4 14. Bxg4 Qh4 15. Qe4 Bxc3 16. Bxc3 gxf5 17. Bxf5 Qxe4 18. Bxe4 Nc5 19. Bc2 Bf5 20. Bxf5 Rxf5 21. Rae1 Kf7 22. b3 Re8 23. Rxe8 Kxe8 24. Re1+ Kd7 25. Re3 d5 26. g4 Rf4 27. cxd5 Rxg4+ 28. Rg3 Rxg3+ 29. fxg3 cxd5 30. Bd4 b6 31. Kf2 Nd3+ 32. Ke3 Nc1 33. g4 Nxa2 34. h4 Ke6 35. Kf4 Nc1 36. b4 Ne2+ 37. Ke3 Nxd4 38. Kxd4 a5 39. bxa5 bxa5 40. h5 a4 41. g5 Kf5 42. g6 hxg6 43. h6 Kf6 0-1


[Site "https://www.chess.com"]

[Event "Titled Tuesday Blitz June 20 Early 2023"]
[White "Gontcharov, Vladislav"]
[Black "KorolDimitriy75"]
[WhiteFideId "4123492"]
[WhiteElo "2420"]
[BlackElo "2414"]
[Result "0-1"]
[Round "11"]
[TimeControl "180+2"]
[Date "2023.06.20"]
[WhiteClock "0:00:00"]
[BlackClock "0:00:02"]
[Board "96"]

1. d4 Nf6 2. c4 c5 3. Nf3 cxd4 4. Nxd4 g6 5. Nc3 Bg7 6. g3 O-O 7. Bg2 Nc6 8. O-O d6 9. Nc2 Qa5 10. Ne3 Qh5 11. Ncd5 Nxd5 12. cxd5 Ne5 13. f3 Bh3 14. Qb3 Bxg2 15. Kxg2 b6 16. Qa4 f5 17. Bd2 g5 18. h3 f4 19. Ng4 fxg3 20. Nxe5 Bxe5 21. Rac1 h6 22. Qd7 Rf7 23. Rc7 a5 24. Qe6 Re8 25. b3 Kg7 26. Rfc1 Qg6 27. Qxg6+ Kxg6 28. Rb7 Bd4 29. a3 Rf5 30. e4 Rf7 31. Rc4 Bf2 32. Rc3 Ref8 33. b4 axb4 34. axb4 h5 0-1


[Site "https://www.chess.com"]

[Event "Titled Tuesday Blitz June 20 Early 2023"]
[White "brm72"]
[Black "Matveeva, Olga"]
[BlackFideId "24107018"]
[WhiteElo "2542"]
[BlackElo "2009"]
[Result "1-0"]
[Round "11"]
[TimeControl "180+2"]
[Date "2023.06.20"]
[WhiteClock "0:00:09"]
[BlackClock "0:00:02"]
[Board "97"]

1. e4 e6 2. d4 d5 3. e5 c5 4. c3 Nc6 5. Nf3 Qb6 6. Bd3 cxd4 7. O-O Bd7 8. Re1 Nge7 9. Nbd2 dxc3 10. bxc3 Rc8 11. Rb1 Qc7 12. Nb3 Ng6 13. Qe2 Be7 14. a4 O-O 15. h4 f5 16. exf6 Rxf6 17. Bg5 Nf4 18. Bxf4 Qxf4 19. Nbd4 Bd6 20. Rxb7 Nxd4 21. cxd4 Bxa4 22. Rxa7 Be8 23. Qe3 Bh5 24. Ne5 Bxe5 25. dxe5 Rf7 26. Rxf7 Qxf7 27. Ra1 Qc7 28. Qg5 Bf7 29. Re1 Qc3 30. Re3 Qc1+ 31. Kh2 d4 32. Re4 Qxg5 33. hxg5 Bg6 34. Rxd4 Bxd3 35. Rxd3 Kf7 36. Kg3 Kg6 37. Kg4 Rc4+ 38. f4 h5+ 39. gxh6 gxh6 40. g3 h5+ 41. Kh4 Rc1 42. Kh3 Kf5 43. Rd7 Rh1+ 44. Kg2 Ra1 45. Rf7+ Kg4 46. Rg7+ Kf5 47. Rg5+ Ke4 48. Rxh5 Ra2+ 49. Kh3 Kf3 50. f5 Ra1 51. Kh2 Ra2+ 52. Kh3 Ra1 53. Kh4 Rh1+ 54. Kg5 Rg1 55. fxe6 Rxg3+ 56. Kf6 Ke4 57. e7 Rg8 58. Kf7 1-0


[Site "https://www.chess.com"]